 Seeded DCSS version 0.25.1-8-g42b30a86e7 (webtiles) character file.

Game seed: 20201210 (custom seed)

445 radhat240 the Shield-Bearer (level 6, -3/55 HPs)
             Began as a Minotaur Fighter on Dec 11, 2020.
             Slain by an ice beast (6 damage)
             ... on level 5 of the Dungeon.
             The game lasted 00:12:24 (3274 turns).

radhat240 the Shield-Bearer (Minotaur Fighter)      Turns: 3274, Time: 00:12:24

Health: -3/55      AC:  9    Str: 22    XL:     6   Next: 72%
Magic:  5/5        EV:  8    Int:  5    God:
Gold:   165        SH: 11    Dex: 10    Spells: 5/5 levels left

rFire    + . .     SeeInvis .   a - +0 war axe
rCold    . . .     Gourm    .   c - +1 kite shield
rNeg     . . .     Faith    .   b - +0 scale mail
rPois    .         Spirit   .   (helmet restricted)
rElec    .         Reflect  .   (no cloak)
rCorr    .         Harm     .   p - +0 pair of gloves
MR       .....                  e - +0 pair of boots
Stlth    ..........             j - amulet of regeneration
HPRegen  0.58/turn              m - ring of protection from fire
MPRegen  0.09/turn              (no ring)

@: no status effects
A: retaliatory headbutt, horns 2
a: no special abilities


You were on level 5 of the Dungeon.
You were not hungry.

You visited 1 branch of the dungeon, and saw 5 of its levels.

You collected 165 gold pieces.

Inventory:

Hand Weapons
 a - a +0 war axe (weapon)
Armour
 b - a +0 scale mail (worn)
 c - a +1 kite shield (worn)
 e - a +0 pair of boots (worn)
 p - a +0 pair of gloves (worn)
Jewellery
 j - an amulet of regeneration (around neck)
 l - an uncursed amulet of faith {unknown}
 m - a ring of protection from fire (left hand)
Scrolls
 g - 2 scrolls of enchant armour
 i - a scroll of remove curse
 k - 2 scrolls of amnesia
 n - a scroll of fear {unknown}
 q - a scroll of blinking
Potions
 d - a potion of might
 h - a potion of curing
Comestibles
 f - 14 rations
 o - a chunk of flesh


   Skills:
 + Level 4.8 Fighting
 + Level 5.1 Axes
 + Level 5.3 Armour
 + Level 1.3 Dodging
 + Level 0.4 Stealth
 + Level 5.7 Shields


You had 5 spell levels left.
You didn't know any spells.
Your spell library was empty.

Dungeon Overview and Level Annotations

Branches:
Dungeon (5/15)
 Temple: D:4-7

Altars:
Dithmenos
Trog
Vehumet
Yredelemnul


Innate Abilities, Weirdness & Mutations

You reflexively headbutt those who attack you in melee.
You have a pair of horns on your head.


Message History

The ice beast hits you but does no damage.
You block the ice beast's attack.
You hit the ice beast but do no damage. You headbutt the ice beast!
The ice beast is heavily wounded.
The ice beast hits you. The ice beast freezes you!
You closely miss the ice beast.
The ice beast is heavily wounded.
You block the ice beast's attack.
You closely miss the ice beast.
The ice beast is heavily wounded.
The ice beast hits you. The ice beast freezes you! The ice beast hits you.
* * * LOW HITPOINT WARNING * * *
The ice beast freezes you!
* * * LOW HITPOINT WARNING * * *
You closely miss the ice beast.
The ice beast is heavily wounded.
The ice beast hits you.
* * * LOW HITPOINT WARNING * * *
The ice beast freezes you.
You die...

#.......###.#...###.###
#...........#.........######
#.......#######..##........#
#.......# ##.##........#
#.......# ######..#........#
#.............(...#.#.######
#........(..........#.#
#.#...#...#...#.....#.#
#..###..... #..@...#.# .
#..Y.#.#.# .Z.+##..###...#
#...#..Z....# #.....###...#
#...### #...# #... #(...#
#.. #.#).# ..+# #.#..#


You could see an ice beast.

Vanquished Creatures
  2 crimson imps (D:5)
  2 orc wizards
  2 hounds (D:5)
  A bullfrog skeleton (D:5)
  An iguana (D:5)
  2 worker ants
  A gnoll (D:1)
  3 adders
  An ooze (D:2)
  2 adder skeletons
  3 worms
  4 dart slugs
  3 leopard geckos
  7 orcs
  4 giant cockroaches
  6 goblins
  14 hobgoblins
  4 jackals
  6 bats (D:1)
  7 frilled lizards
  6 kobolds
  A leopard gecko skeleton (D:5)
  12 rats
94 creatures vanquished.

Vanquished Creatures (others)
  A kobold (D:3)
1 creature vanquished.

Grand Total: 95 creatures vanquished

Notes
Turn   | Place    | Note
-------+----------+-------------------------------------------
     0 | D:1      | radhat240 the Minotaur Fighter began the quest for the Orb.
     0 | D:1      | Reached XP level 1. HP: 19/19 MP: 0/0
   148 | D:1      | Reached XP level 2. HP: 15/27 MP: 1/1
   433 | D:1      | Reached XP level 3. HP: 33/33 MP: 2/2
   954 | D:2      | Reached XP level 4. HP: 40/40 MP: 3/3
  1161 | D:2      | Found a shadowy altar of Dithmenos.
  1163 | D:2      | Found a basalt altar of Yredelemnul.
  1163 | D:2      | Found a radiant altar of Vehumet.
  1675 | D:3      | HP: 2/40 [orc wizard/puff of flame (4)]
  1689 | D:3      | Reached skill level 5 in Shields
  1996 | D:3      | Reached XP level 5. HP: 46/46 MP: 4/4
  2456 | D:4      | You fall into a shaft and drop 1 floor!
  2456 | D:5      | Entered Level 5 of the Dungeon
  2466 | D:5      | Reached skill level 1 in Dodging
  2542 | D:5      | Reached XP level 6. HP: 47/53 MP: 5/5
  2993 | D:4      | Noticed a moth of wrath
  2996 | D:4      | Found a bloodstained altar of Trog.
  3164 | D:5      | Reached skill level 5 in Axes
  3188 | D:5      | Reached skill level 5 in Armour
  3264 | D:5      | Noticed an ice beast
  3274 | D:5      | Slain by an ice beast

Illustrated notes

Levels and vault maps discovered:
D:1:      dpeg_arrival_snail, layout_basic
D:2:      layout_basic, chequers_temple_overflow_statue_of_worship,
          minmay_hedge_maze, minmay_misc_feat_five
D:3:      layout_basic
D:4:      layout_loops_ring, tgw_trog, first_ration, minmay_distorted
D:5:      layout_basic, kennysheep_nub, minmay_fractal_squares_diagonal_5,
          uniq_pikel

Skill      XL: |  1  2  3  4  5  6 |
---------------+-------------------+-----
Fighting       | 4 |  4.8
Shields        | 4 5 |  5.7
Armour         | 4 5 |  5.3
Axes           | 3 4 5 |  5.1
Dodging        | 1 |  1.3
Stealth        | |  0.4

Action                   |  1- 3 |  4- 6 || total
-------------------------+-------+-------++-------
Melee: War axe           |    83 |   200 ||   283
       Headbutt          |    16 |    25 ||    41
  Use: Scroll            |     2 |     6 ||     8
       Potion            |       |     3 ||     3
  Eat: Chunk             |       |     5 ||     5
       Ration            |       |     1 ||     1
Armor: Scale mail        |    42 |   112 ||   154
Dodge: Dodged            |    42 |    59 ||   101
Block: Kite shield       |    61 |   145 ||   206
